 Dungeon Crawl Stone Soup version 0.29-a0-330-g52719c12eb (webtiles) character file.

Game seed: 16679907117664861582

793 kae the Firebug (level 7, -2/50 HPs)
             Began as a Demigod Fire Elementalist on Apr 29, 2022.
             Slain by an ice beast (13 damage)
             ... on level 6 of the Dungeon.
             The game lasted 00:03:34 (4899 turns).

kae the Firebug (Demigod Fire Elementalist)         Turns: 4899, Time: 00:03:35

Health: -2/50      AC:  2    Str:  9    XL:     7   Next: 31%
Magic:  8/17       EV: 12    Int: 25    God:
Gold:   237        SH:  0    Dex: 14    Spells: 8/14 levels left

rFire   . . .      SeeInvis .   (no weapon)
rCold   . . .      Faith    .   (no shield)
rNeg    . . .      Spirit   .   a - +0 robe
rPois   +          Reflect  .   (no helmet)
rElec   .          Harm     .   (no cloak)
rCorr   .          Rampage  .   (no gloves)
Will    .....                   (no boots)
Stlth   ++........              (no amulet)
HPRegen 0.16/turn               d - ring of poison resistance
MPRegen 0.15/turn               (no ring)

@: no status effects
A: high MP 1, forlorn, divine attributes
a: no special abilities


You were on level 6 of the Dungeon.
You visited 1 branch of the dungeon, and saw 6 of its levels.
You also visited: Sewer.

You collected 237 gold pieces.

Inventory:

Armour
 a - a +0 robe (worn)
Jewellery
 d - a ring of poison resistance (left hand)
 q - an amulet of regeneration
Wands
 l - a wand of acid (17)
 n - a wand of iceblast (6)
 o - a wand of charming (5)
Scrolls
 e - a scroll of amnesia
 g - 3 scrolls of fog
Potions
 b - a potion of magic
 c - a potion of brilliance
 f - 2 potions of curing
 h - 2 potions of haste
 i - 3 potions of attraction
 j - 3 potions of heal wounds
 k - a potion of ambrosia {unknown}
 m - a potion of berserk rage
 r - a potion of lignification {unknown}


   Skills:
 - Level 1.7 Dodging
 - Level 1.7 Stealth
 + Level 4.4 Spellcasting
 + Level 4.4 Conjurations
 + Level 5.2 Fire Magic


You had 8 spell levels left.
You knew the following spells:

 Your Spells              Type           Power      Damage    Failure   Level
a - Foxfire               Conj/Fire      100%       2x1d9     1%          1
b - Scorch                Fire           62%        2d8       1%          2
c - Conjure Flame         Conj/Fire      29%        6-21      3%          3

Your spell library contained the following spells:

 Spells                   Type           Power      Damage    Failure   Level
 Static Discharge         Conj/Air       16%        N/A       5%          2
 Inner Flame              Hex/Fire       18%        N/A       9%          3
 Flame Wave               Conj/Fire      29%        2d8       12%         4
 Sticky Flame             Conj/Fire      29%        2d5       12%         4
 Dispel Undead            Necr           5%         3d7       65%         4


Dungeon Overview and Level Annotations

Branches:
Dungeon (6/15)             Temple (0/1) D:5           Sewer (visited)

Annotations:
D:6 4 runed translucent doors


Innate Abilities, Weirdness & Mutations

You have an increased reservoir of magic. (+10% MP)
You shall have no god before yourself.
Your divine heritage dramatically boosts your attributes as you level up.


Message History

You conjure some foxfire!
The foxfire hits the ice beast.
The ice beast melts!
The ice beast is lightly wounded.
The foxfire hits the ice beast but does no damage.
The ice beast is lightly wounded.
The foxfire hits the ice beast!
The ice beast melts!
The ice beast is moderately wounded.
The ice beast hits you. The ice beast freezes you!
Casting: Foxfire (safe; 1% risk of failure)
Confirm with . or Enter, or press ? or * to list all spells.
Flames lash the water moccasin.
The water moccasin is moderately wounded.
The water moccasin's fire resistance burns away.
The ice beast hits you but does no damage.
The water moccasin bites you but does no damage.
The ice beast hits you. The ice beast freezes you!
Casting: Scorch (safe; 1% risk of failure)
Confirm with . or Enter, or press ? or * to list all spells.
Flames lash the water moccasin.
The water moccasin is burned terribly!
The water moccasin is heavily wounded.
The water moccasin closely misses you. The ice beast completely misses you.
The water moccasin closely misses you. The ice beast misses you.
Casting: Scorch (safe; 1% risk of failure)
Confirm with . or Enter, or press ? or * to list all spells.
Flames lash the water moccasin.
The water moccasin is burned terribly!
The water moccasin is severely wounded.
The water moccasin bites you. The water moccasin barely misses you.
The ice beast closely misses you. The water moccasin barely misses you.
The ice beast hits you. The ice beast freezes you!
* * * LOW HITPOINT WARNING * * *
Casting: Scorch (safe; 1% risk of failure)
Confirm with . or Enter, or press ? or * to list all spells.
Flames lash the ice beast.
The ice beast melts!
The ice beast is heavily wounded.
The ice beast's fire resistance burns away.
The water moccasin barely misses you. The water moccasin closely misses you.
The ice beast hits you.
* * * LOW HITPOINT WARNING * * *
The ice beast freezes you!
You die...

.. ##.# #. .W
#.# ++# #.# ..
... #.# .#
###.. #.# ##
.....# ##.# #
.##...######..#
......Y......##
#...S@..####
###...###
.(.....#
#####... ####


You could see a water moccasin (combustible), an ice beast (combustible) and a
phantom.

Vanquished Creatures
  A wyvern (D:6)
  Pargi (Sewer)
  An ogre (D:5)
  A phantom (D:6)
  A scorpion (D:5)
  A jelly (D:4)
  An orc priest (D:5)
  A hound (D:5)
  2 iguanas
  9 gnolls
  2 adders
  A shadow imp (D:5)
  An ufetubus (D:6)
  A worm (D:2)
  A dart slug (D:2)
  7 orcs
  3 ball pythons (D:4)
  7 endoplasms
  3 giant cockroaches
  6 goblins
  5 hobgoblins
  3 jackals (D:2)
  A quokka (D:3)
  9 bats
  4 frilled lizards
  5 kobolds
  4 rats
82 creatures vanquished.

Vanquished Creatures (others)
  297 foxfires
297 creatures vanquished.

Grand Total: 379 creatures vanquished

Notes
Turn   | Place    | Note
-------+----------+-------------------------------------------
     0 | D:1      | kae the Demigod Fire Elementalist began the quest for the
                  | Orb.
     0 | D:1      | Reached XP level 1. HP: 14/14 MP: 5/5
    15 | D:1      | Reached skill level 1 in Conjurations
   663 | D:1      | Reached XP level 2. HP: 20/20 MP: 4/7
  1024 | D:1      | Reached skill level 3 in Fire Magic
  1831 | D:2      | Learned a level 2 spell: Scorch
  1943 | D:2      | Reached XP level 3. HP: 26/26 MP: 6/9
  1947 | D:2      | Learned a level 3 spell: Conjure Flame
  2648 | D:3      | You fall into a shaft and drop 1 floor!
  2859 | D:4      | Reached XP level 4. HP: 29/33 MP: 3/10
  3392 | D:5      | Entered Level 5 of the Dungeon
  3462 | D:5      | Found a glowing drain.
  3475 | D:5      | Reached XP level 5. HP: 25/38 MP: 8/12
  3498 | D:5      | Reached skill level 4 in Fire Magic
  3506 | Sewer    | Entered a sewer
  3686 | Sewer    | Noticed Pargi
  3700 | Sewer    | Killed Pargi
  3701 | Sewer    | Reached XP level 6. HP: 45/45 MP: 10/14
  4319 | D:5      | Found a staircase to the Ecumenical Temple.
  4689 | D:6      | Noticed a wyvern
  4692 | D:6      | Killed a wyvern
  4693 | D:6      | Reached skill level 5 in Fire Magic
  4693 | D:6      | Reached XP level 7. HP: 50/50 MP: 13/16
  4855 | D:6      | Found a large runed translucent door.
  4855 | D:6      | Found a large runed translucent door.
  4887 | D:6      | Found a large runed translucent door.
  4888 | D:6      | Found a large runed translucent door.
  4899 | D:6      | Slain by an ice beast

Illustrated notes

Levels and vault maps discovered:
D:1:      erik_arrival_blinker_ship, layout_basic,
          chequers_ecumenical_altar_island
D:2:      layout_rooms
D:3:      layout_basic
D:4:      layout_cave_pools
D:5:      layout_loops_ring, minmay_temple_entry_glassed_door,
          cheibrodos_sewer_entry_drain, kennysheep_generic_room_12
D:6:      layout_loops_cross, mainiacjoe_overflow_tiny_flanked,
          minmay_misc_feat_iff, hangedman_abyss_or_decor_lesser_grid,
          minmay_hollow_rounded_squares

Skill      XL: |  1  2  3  4  5  6 |
---------------+-------------------+-----
Conjurations   | 1 2 3 4 |  4.4
Spellcasting   | 2 3 4 |  4.4
Fire Magic     | 3 4 5 |  5.2
Dodging        | |  1.7
Stealth        | |  1.7

Action                   |  1- 3 |  4- 6 |  7- 9 || total
-------------------------+-------+-------+-------++-------
Melee: Unarmed           |     9 |       |       ||     9
 Cast: Foxfire           |   101 |    68 |     5 ||   174
       Scorch            |     1 |     2 |     8 ||    11
       Conjure Flame     |       |     1 |       ||     1
Evoke: Wand              |       |     5 |       ||     5
  Use: Scroll            |     6 |     5 |       ||    11
       Potion            |       |     2 |       ||     2
Armor: Robe              |     9 |       |     2 ||    11
Dodge: Dodged            |    30 |    10 |    13 ||    53

Table legend: (Time is in decaauts)
 A = Elapsed time spent in this place.
 B = Non-inter-level travel time spent in this place.
 C = Inter-level travel time spent in this place.
 D = Time resting spent in this place.
 E = Time spent auto-exploring this place.
 F = Levels seen in this place.
 G = Mean time per level.
                   A        B        C        D        E       F      G
               +--------+--------+--------+--------+--------+-----+--------+
         Total |   4894 |   4778 |    116 |    491 |   3633 |   7 |  699.1 |
       Dungeon |   4630 |   4514 |    116 |    388 |   3521 |   6 |  771.7 |
         Sewer |    263 |    263 |      0 |    103 |    112 |   1 |  263.0 |
               +--------+--------+--------+--------+--------+-----+--------+

Top non-repeatable levels by time:
     D:1: 1440 daAuts
     D:5: 950 daAuts
     D:2: 754 daAuts
     D:4: 743 daAuts
     D:3: 457 daAuts
     D:6: 284 daAuts
   Sewer: 263 daAuts
